 Dungeon Crawl Stone Soup version 0.18-a0-1147-g8e8348b (webtiles) character file.

100 Ijustatesigmund the Ducker (level 4, -1/31 HPs)
             Began as an Octopode Abyssal Knight on Jan 22, 2016.
             Was a Follower of Lugonu.
             Killed from afar by an orc wizard (6 damage)
             ... with a puff of frost
             ... on level 3 of the Dungeon.
             The game lasted 00:05:32 (1743 turns).

Ijustatesigmund the Ducker (OpAK)                   Turns: 1743, Time: 00:05:34

Health: -1/31      AC:  1    Str: 11    XL:     4   Next: 73%
Magic:  6/6        EV: 13    Int: 19    God:    Lugonu [*.....]
Gold:   131        SH:  0    Dex: 12    Spells: 0 memorised, 3 levels left

rFire  + . .     SeeInvis .     a - +1 mace
rCold  + . .     Gourm    .     (no shield)
rNeg   . . .     Faith    .     (helmet restricted)
rPois  +         Spirit   .     e - amulet of regeneration
rElec  +         Dismiss  .     (no ring)
rCorr  +         Reflect  .     (no ring)
SustAt .         Harm     .     (no ring)
MR     .....                    (no ring)
Stlth  +++.......               (no ring)
                                (no ring)
                                (no ring)
                                (no ring)

@: brilliant, resistant, flying, not resistant to hostile enchantments, fairly
stealthy
A: almost no armour, amphibious, 8 rings, constrict 8, camouflage 1, gelatinous
body 1
a: Depart the Abyss, Renounce Religion


You were on level 3 of the Dungeon.
You worshipped Lugonu.
Lugonu was aware of your devotion.
You were not hungry.

You visited 1 branch of the dungeon, and saw 3 of its levels.
You visited the Abyss 1 time.

You collected 131 gold pieces.

Inventory:

Hand Weapons
 a - a +1 mace (weapon)
Jewellery
 e - an amulet of regeneration (around mantle)
 m - a +4 ring of dexterity {unknown}
Scrolls
 c - a scroll of amnesia
 i - a scroll of remove curse
Potions
 f - 2 potions of agility
Comestibles
 b - a bread ration
 d - a meat ration
 h - a beef jerky


   Skills:
 - Level 3.0 Fighting
 - Level 2.6 Maces & Flails
 - Level 3.2 Dodging
 + Level 3.0 Stealth
 + Level 3.2 Invocations


You had 3 spell levels left.
You didn't know any spells.

Dungeon Overview and Level Annotations

Branches:
Dungeon (3/15)

Altars:


Innate Abilities, Weirdness & Mutations

You cannot wear most types of armour.
You are amphibious.
You can wear up to eight rings at the same time.
You can use your tentacles to constrict eight enemies at once.
Your skin changes colour to match your surroundings (Stealth).
Your rubbery body absorbs attacks (AC +1).


Message History

You feel protected. Something barely misses you.
Drink which item? (? for menu, Esc to quit)
It was a potion of flight.
You feel very buoyant.
You fly up into the air.
Something hits you.
* * * LOW HITPOINT WARNING * * *
Something hits you but does no damage.
Drink which item? (? for menu, Esc to quit)
It was a potion of poison.
You feel slightly nauseous. Something hits you but does no damage.
Drink which item? (? for menu, Esc to quit)
It was a potion of brilliance.
You feel clever all of a sudden. Something hits you.
* * * LOW HITPOINT WARNING * * *
You hear some strange, mumbled words.
A puff of frost appears from out of thin air!
The puff of frost hits you! You resist.
You die...

#.##.#
#....#
####.# #.#
#!# #.#
.#######.#
........)#
#####)@.#
#{### #.
#. #. #.
#. #.


There were no monsters in sight!

Vanquished Creatures
  Ijyb (D:2)
  4 adders
  4 orcs (D:3)
  2 giant cockroaches (D:1)
  5 goblins
  3 hobgoblins (D:2)
  5 jackals
  A quokka (D:2)
  2 bats (D:2)
  2 giant newts
  4 kobolds (D:1)
  4 rats (D:1)
37 creatures vanquished.

Notes
Turn   | Place    | Note
--------------------------------------------------------------
     0 | Abyss:1  | Ijustatesigmund the Octopode Abyssal Knight began the quest for the Orb.
     0 | Abyss:1  | Reached XP level 1. HP: 16/16 MP: 2/2
    77 | Abyss:1  | Noticed an orange demon
    77 | D:1      | Escaped the Abyss
    85 | D:1      | Reached * piety under Lugonu
   347 | D:1      | Reached XP level 2. HP: 10/21 MP: 3/3
   522 | D:1      | Reached skill level 1 in Stealth
   960 | D:2      | Noticed Ijyb
  1201 | D:2      | Reached XP level 3. HP: 24/26 MP: 4/4
  1283 | D:2      | Found a faded altar to an unknown god.
  1340 | D:2      | Killed Ijyb
  1340 | D:2      | Reached XP level 4. HP: 14/31 MP: 6/6
  1743 | D:3      | Killed from afar by an orc wizard

Vault maps used:
D:1:      dpeg_arrival_long_road
D:2:      ecumenical_altar_1, uniq_iyjb

Action                   |  1- 3 |  4- 6 || total
-------------------------+-------+-------++-------
Melee: Mace              |    48 |    23 ||    71
Invok: Depart the Abyss  |     1 |       ||     1
  Use: Scroll            |     5 |     1 ||     6
       Potion            |       |     4 ||     4
 Stab: Sleeping          |     8 |     4 ||    12
  Eat: Chunk             |     1 |     2 ||     3
